 Dungeon Crawl Stone Soup version 0.22.1-1-ga44c0e5 (webtiles) character file.

53 rabbit the Chopper (level 3, 0/33 HPs)
             Began as a Hill Orc Monk on Oct 16, 2018.
             Slain by a worker ant (3 damage)
             ... on level 4 of the Dungeon.
             The game lasted 00:03:25 (2035 turns).

rabbit the Chopper (Hill Orc Monk)                  Turns: 2035, Time: 00:03:26

Health: 0/33       AC:  4    Str: 14    XL:     3   Next: 89%
Magic:  3/3        EV: 13    Int: 10    God:
Gold:   106        SH:  0    Dex: 13    Spells: 2/2 levels left

rFire    . . .     SeeInvis .   a - +0 hand axe
rCold    . . .     Gourm    .   (no shield)
rNeg     . . .     Faith    .   d - +0 robe
rPois    .         Spirit   .   q - +0 helmet
rElec    .         Reflect  .   (no cloak)
rCorr    .         Harm     .   r - +0 pair of gloves
MR       .....                  (no boots)
Stlth    ++........             (no amulet)
HPRegen  0.11/turn              (no ring)
MPRegen  0.08/turn              (no ring)

@: lethally poisoned (0 -> -5)
A: no striking features
a: no special abilities


You were on level 4 of the Dungeon.
You were very hungry.

You visited 1 branch of the dungeon, and saw 4 of its levels.

You collected 106 gold pieces.

Inventory:

Hand Weapons
 a - a +0 hand axe (weapon)
 b - a +0 hunting sling
Missiles
 h - 86 stones (quivered)
 l - 8 poisoned needles
 t - 6 needles of paralysis
Armour
 d - a +0 robe (worn)
 q - a +0 helmet (worn)
 r - a +0 pair of gloves (worn)
Scrolls
 f - 2 scrolls of remove curse {unknown}
 g - 2 scrolls of magic mapping {unknown}
 i - a scroll of fog {unknown}
 j - a scroll of random uselessness {unknown}
 m - a scroll of teleportation {unknown}
 n - a scroll of amnesia {unknown}
 o - 2 scrolls of enchant armour {unknown}
 s - a scroll of enchant weapon {unknown}
Potions
 e - a potion of heal wounds {unknown}
 k - 2 potions of ambrosia {unknown}
 p - a potion of curing {unknown}
Comestibles
 c - 4 rations


   Skills:
 + Level 4.1 Fighting
 + Level 4.9 Axes
 + Level 0.2 Slings
 + Level 2.9 Dodging
 + Level 1.9 Stealth


You had 2 spell levels left.
You didn't know any spells.
Your spell library was empty.

Dungeon Overview and Level Annotations

Branches:
Dungeon (4/15)
 Temple: D:4-7

Altars:
Cheibriados
Dithmenos
Kikubaaqudgha
Qazlal


Message History

You feel sick. The worker ant closely misses you.
You closely miss the worker ant.
The worker ant is moderately wounded.
You feel sick. The worker ant bites you.
You hit the worker ant.
The worker ant is heavily wounded.
You feel sick. The worker ant closely misses you. The worker ant bites you.
* * * LOW HITPOINT WARNING * * *
You barely miss the worker ant.
The worker ant is heavily wounded.
* * * LOW HITPOINT WARNING * * *
You feel sick. The worker ant misses you.
You barely miss the worker ant.
The worker ant is heavily wounded.
* * * LOW HITPOINT WARNING * * *
You feel sick. The worker ant barely misses you.
You hit the worker ant but do no damage.
The worker ant is heavily wounded.
The worker ant barely misses you. The worker ant bites you.
You die...

#...(.(....# #.........
#....(.....# #.....#.##
#..........# #....##..#
#(......[..# #..). ##..
#........# ##### ###
####......# .........#
##########
.......a.######.........
.......@........########
.................<......
.........###############
.........# .........#
##########


You could see a worker ant.

Vanquished Creatures
  2 adders
  4 leopard geckos
  5 goblins
  A hobgoblin (D:1)
  2 jackals (D:4)
  4 kobolds (D:1)
  A ball python (D:2)
  6 bats (D:1)
  3 frilled lizards
  3 rats
31 creatures vanquished.

Notes
Turn   | Place    | Note
-------+----------+-------------------------------------------
     0 | D:1      | rabbit the Hill Orc Monk began the quest for the Orb.
     0 | D:1      | Reached XP level 1. HP: 19/19 MP: 1/1
    57 | D:1      | Reached XP level 2. HP: 16/27 MP: 2/2
   907 | D:1      | Reached XP level 3. HP: 26/33 MP: 3/3
  1659 | D:4      | Found a shadowy altar of Dithmenos.
  1662 | D:4      | Found a stormy altar of Qazlal.
  1663 | D:4      | Found an ancient bone altar of Kikubaaqudgha.
  1663 | D:4      | Found a snail-covered altar of Cheibriados.
  2035 | D:4      | Slain by a worker ant

Skill      XL: |  1  2  3 |
---------------+----------+-----
Fighting       | 4 |  4.1
Axes           | |  4.9
Slings         | |  0.2
Dodging        | |  2.9
Stealth        | |  1.9

Action                   || total
-------------------------++-------
Melee: Hand axe          ||    81
 Fire: Hunting sling     ||    26
 Stab: Sleeping          ||     3
  Eat: Chunk             ||     2
Armor: Robe              ||    21
Dodge: Dodged            ||    78
